Map: Cyber Forest LE

Players

Taeyeon - Winner!

  • Race: Zerg Zerg
  • League: Master
  • Spawn Location: 5:00

Mez

  • Race: Terran Terran
  • League: Master
  • Spawn Location: 11:00

VOD

Have the link to the VOD?

Description

Time

  • Played on: Aug. 15, 2019, 3:54 p.m.
  • Length: 10:46
Show
View Real Time Build Order
Export as new Build Order

Taeyeon Zerg - Winner!

Build Orders: Hatch First, Muta Ling Bane 

Get SALT Encoding   

  12  0:00  Drone  
  13  0:08  Drone  
  14  0:17  Overlord  
  14  0:35  Drone x3  
  17  0:53  Hatchery  
  17  0:56  Drone  
  17  1:11  Spawning Pool  
  16  1:13  Drone  
  16  1:16  Extractor  
  16  1:18  Drone  
  17  1:22  Drone  
  18  1:29  Drone  
  19  1:40  Drone  
  20  1:50  Overlord  
  20  1:57  Queen  
  22  2:04  Queen  
  22  2:05  Zergling x4  
  26  2:14  Drone  
  27  2:16  Drone  
  27  2:18  Metabolic Boost  
  28  2:23  Drone  
  29  2:31  Drone  
  29  2:35  Spore Crawler  
  29  2:46  Queen  
  29  2:47  Overlord, Drone  
  29  2:48  Drone  
  33  2:54  Lair  
  33  2:57  Extractor  
  32  3:01  Drone  
  32  3:02  Drone  
  32  3:03  Drone  
  35  3:09  Drone  
  35  3:10  Drone  
  37  3:18  Drone x4  
  41  3:27  Overlord  
  41  3:40  Drone x3  
  44  3:48  Queen  
  46  3:50  Zergling x4  
  46  3:51  Zergling x2  
  46  3:52  Drone x2  
  46  3:53  Drone  
  52  3:57  Spire  
  50  4:04  Overlord x2  
  50  4:07  Drone  
  51  4:18  Extractor  
  51  4:20  Extractor  
  51  4:21  Drone  
  51  4:22  Drone  
  51  4:39  Spine Crawler  
  51  4:40  Drone x3  
  53  4:46  Drone x2  
  53  4:47  Drone  
  53  4:48  Zergling x6  
  59  4:53  Overlord  
  59  5:15  Spore Crawler  
  59  5:20  Hatchery, Mutalisk  
  59  5:21  Mutalisk x5  
  65  5:38  Evolution Chamber  
  65  5:40  Evolution Chamber  
  63  5:45  Drone  
  63  5:46  Drone x5  
  63  5:48  Drone x2  
  68  5:58  Drone x2  
  70  6:04  Baneling Nest  
  70  6:05  Zerg Melee Weapons Level 1  
  70  6:07  Zerg Ground Armor Level 1  
  70  6:09  Drone x2  
  71  6:20  Drone x2  
  73  6:40  Drone x3  
  73  6:41  Drone x4  
  73  6:43  Overlord  
  80  6:58  Centrifical Hooks  
  80  7:00  Hatchery  
  79  7:02  Drone x3  
  82  7:14  Overlord x2  
  82  7:15  Drone x7  
  89  7:28  Zerg Flyer Weapons Level 1  
  89  7:35  Hatchery  
  89  7:36  Zergling x2  
  91  7:37  Zergling x18  
  91  7:40  Overseer  
  98  7:55  Overlord x2  
  98  7:58  Baneling x7  
  98  8:01  Overlord  
  98  8:10  Zerg Melee Weapons Level 2  
  98  8:11  Zerg Ground Armor Level 2  
  98  8:15  Extractor, Mutalisk x8  
  98  8:16  Extractor  
  112  8:20  Zergling x14  
  119  8:28  Queen  
  121  8:34  Drone x2  
  121  8:35  Drone x5  
  128  8:47  Overlord x3, Drone x3  
  131  8:57  Zergling x14  
  131  8:58  Zergling x8  
  131  8:59  Overlord  
  131  9:00  Overlord  
  138  9:14  Pneumatized Carapace  
  138  9:16  Mutalisk x7  
  148  9:27  Overseer x2  
  148  9:32  Drone x2  
  148  9:33  Drone x2  
  148  9:36  Zergling x4  
  148  9:37  Zergling x24  
  166  9:43  Baneling x6  
  166  9:59  Infestation Pit  
  165  10:04  Overlord  
  166  10:07  Zergling x36, Extractor  
  166  10:08  Extractor  
  166  10:13  Baneling x4  
  166  10:14  Baneling x16  
  181  10:19  Zergling x2  
  181  10:20  Zergling x10  
  179  10:28  Baneling x6  
Show
View Real Time Build Order
Export as new Build Order

Mez Terran 

Build Orders: Liberator Opening, Reaper Expand 

Get SALT Encoding   

  12  0:00  SCV  
  13  0:13  SCV  
  14  0:17  Supply Depot  
  14  0:25  SCV  
  15  0:38  SCV  
  15  0:41  Barracks  
  16  0:46  Refinery  
  16  0:50  SCV  
  17  1:03  SCV  
  18  1:15  SCV  
  19  1:28  Orbital Command  
  19  1:30  Reaper  
  20  1:40  Command Center  
  20  1:47  Supply Depot  
  20  1:54  SCV  
  21  2:02  Marine  
  22  2:11  Factory  
  22  2:16  SCV  
  23  2:25  Barracks Reactor  
  23  2:43  SCV  
  24  2:47  Command Center  
  24  2:53  Orbital Command  
  24  2:58  SCV  
  24  3:03  Starport  
  25  3:10  Hellion x2  
  25  3:11  SCV  
  30  3:14  Refinery  
  30  3:17  Marine  
  31  3:21  SCV  
  31  3:23  SCV  
  33  3:33  SCV  
  34  3:35  SCV  
  34  3:36  Hellion x2  
  34  3:37  Liberator, Barracks Tech Lab  
  39  3:46  SCV  
  40  3:49  SCV  
  44  3:56  Bunker  
  44  3:57  Marine  
  44  3:58  SCV  
  44  4:00  Orbital Command  
  46  4:06  SCV  
  47  4:10  SCV  
  52  4:21  Widow Mine x2  
  52  4:22  Stimpack, SCV x2  
  53  4:29  SCV  
  54  4:34  SCV x2, Marine, Supply Depot  
  57  4:41  SCV  
  58  4:46  SCV  
  58  4:47  SCV  
  58  4:51  Starport Reactor  
  60  4:53  SCV  
  60  4:56  Widow Mine x2, Barracks  
  60  4:57  Barracks  
  60  4:58  Supply Depot  
  60  4:59  SCV x2  
  67  5:02  Marine, Supply Depot  
  67  5:04  Supply Depot  
  67  5:05  SCV  
  69  5:08  Engineering Bay  
  69  5:10  Engineering Bay  
  67  5:27  SCV x2  
  67  5:28  SCV  
  70  5:31  Refinery  
  70  5:32  Refinery  
  70  5:38  Marine  
  70  5:41  Missile Turret  
  70  5:42  Missile Turret  
  71  5:45  Factory Reactor  
  68  5:50  Starport Reactor  
  68  5:51  Barracks  
  68  5:52  SCV x2, Barracks  
  68  5:55  Missile Turret  
  70  6:04  SCV x2  
  70  6:05  Supply Depot  
  72  6:14  Marine  
  72  6:15  Marine x4  
  72  6:16  SCV  
  74  6:20  Orbital Command  
  74  6:29  Supply Depot  
  74  6:30  Viking x2, Terran Infantry Armor Level 1, Terran Infantry Weapons Level 1  
  74  6:31  Widow Mine  
  74  6:32  Widow Mine, Marine  
  83  6:34  Marine x4  
  85  6:43  Barracks Reactor, Missile Turret  
  85  6:44  Barracks Reactor  
  85  6:50  Marine  
  85  6:51  SCV x3, Marine x2  
  85  6:52  Marine  
  93  6:56  Widow Mine x2  
  91  7:03  SCV  
  91  7:05  Viking x2  
  91  7:08  Barracks Reactor, Marine  
  96  7:09  Marine  
  95  7:18  Orbital Command  
  95  7:22  Marine x4  
  99  7:23  Marine x2  
  99  7:26  Marine  
  102  7:30  Marine  
  102  7:33  Barracks Tech Lab  
  103  7:39  Marine  
  104  7:44  Missile Turret, SCV  
  104  7:45  SCV x2  
  104  7:46  Missile Turret  
  107  7:55  Marine x2  
  109  8:10  Supply Depot  
  109  8:11  Supply Depot  
  109  8:12  Supply Depot  
  109  8:13  Marine x3, Medivac x2  
  109  8:14  SCV x3, Marine x5  
  109  8:18  Marine  
  125  8:21  Combat Shield  
  125  8:28  Armory  
  125  8:31  SCV x3, Marine x3  
  125  8:32  Marine x3  
  134  8:40  Marine x3  
  137  8:43  Widow Mine x2  
  137  8:46  Factory  
  141  8:49  Marine  
  141  8:50  Medivac x2  
  141  8:53  Refinery  
  141  8:55  Supply Depot  
  146  8:56  Supply Depot  
  146  8:57  Marine  
  146  8:58  Marine x2  
  146  9:01  Supply Depot  
  149  9:08  Armory  
  149  9:11  Marine  
  149  9:12  Marine  
  149  9:16  Marine x3  
  152  9:18  Marine x4  
  152  9:19  Widow Mine  
  152  9:20  Widow Mine  
  152  9:23  Supply Depot  
  160  9:25  Supply Depot  
  160  9:27  Refinery  
  160  9:39  Marine x7  
  167  9:53  Factory Tech Lab  
  167  9:55  Barracks  
  167  9:56  Barracks  
  167  9:57  Barracks  
  167  10:07  Marine x6  
  166  10:27  Marine  
  166  10:28  Marine x6  
Tags
 
Add a new tag
Caveats
  • Supply blocks, unpowered buildings, or Contaminate may cause inaccurate times.
  • Supply counts are checked every 10 seconds.